 Dungeon Crawl Stone Soup version 0.31.0-11-ge490571c62 (webtiles) character file.

Game seed: 7017201489488969281

54 hikkokomori the Apothecary (level 3, 0/19 HPs)
             Began as a Gargoyle Alchemist on Jan 29, 2024.
             Slain by a ribbon worm (5 damage)
             ... on level 2 of the Dungeon.
             The game lasted 00:01:49 (1489 turns).

hikkokomori the Apothecary (Gargoyle Alchemist)     Turns: 1489, Time: 00:01:49

Health: 0/19       AC:  5    Str: 11    XL:     3   Next: 91%
Magic:  0/7        EV: 11    Int: 17    God:
Gold:   97         SH:  0    Dex: 10    Spells: 6/7 levels left

rFire   . . .        d - +0 spear
rCold   . . .        (no shield)
rNeg    + . .        a - +0 robe
rPois   ∞            (no helmet)
rElec   +            (no cloak)
rCorr   .            (no gloves)
SInv    .            (no boots)
Will    .....        (no amulet)
Stlth   ++           (no ring)
HPRegen 0.23/turn    (no ring)
MPRegen 0.10/turn

%: no passive effects
@: mighty, very slightly contaminated
A: sickness immunity, AC +3, negative energy resistance 1, electricity
resistance, torment resistance 1, petrification resistance
a: no special abilities


You were on level 2 of the Dungeon.
You visited 1 branch of the dungeon, and saw 2 of its levels.

You collected 97 gold pieces.

Inventory:

Hand Weapons
 d - a +0 spear (weapon)
Armour
 a - a +0 robe (worn)
Scrolls
 c - a scroll of poison
Potions
 b - a potion of magic
 e - a potion of might
 f - a potion of cancellation {unknown}


   Skills:
 - Level 1.5 Dodging
 - Level 2.1 Stealth
 + Level 2.7 Spellcasting
 + Level 2.3 Conjurations
 + Level 2.9 Alchemy


You had 6 spell levels left.
You knew the following spells:

 Your Spells              Type           Power      Damage    Failure   Level
a - Sting                 Conj/Alch      44%        1d5       6%          1

Your spell library contained the following spells:

 Spells                   Type           Power      Damage    Failure   Level
 Mercury Vapours          Alch/Air       14%        N/A       14%         2
 Mephitic Cloud           Conj/Alch/Air  8%         N/A       26%         3
 Olgreb's Toxic Radiance  Alch           12%        N/A       45%         4
 Sticky Flame             Fire/Alch      7%         2d4       67%         4


Dungeon Overview and Level Annotations

Branches:
Dungeon (2/15)

Altars:

Annotations:
D:2 Sigmund


Innate Abilities, Weirdness & Mutations

You are immune to sickness and miasma.
Your stone body is resilient. (AC +3)
You are immune to poison.
You resist negative energy. (rN+)
You are resistant to electric shocks. (rElec)
You are resistant to unholy torment.
You are immune to petrification.


Message History

Natasha yowls pathetically as she dies!
The ribbon worm looks more healthy.
The quokka twitches its whiskers.
Casting: Sting (safe; 6% risk of failure)
Confirm with . or Enter, or press ? or * to list all spells.
Aiming: Sting (safe; 6% risk of failure)
Press: ? - help, Shift-Dir - straight line, f - ribbon worm
Aim: a ribbon worm (moderately wounded, 90% to hit)
The sting hits the ribbon worm but does no damage.
The ribbon worm is poisoned.
The ribbon worm is moderately wounded.
Casting: Sting (safe; 6% risk of failure)
Confirm with . or Enter, or press ? or * to list all spells.
Aiming: Sting (safe; 6% risk of failure)
Press: ? - help, Shift-Dir - straight line, f/p - ribbon worm
Aim: a ribbon worm (lightly wounded, poisoned, 90% to hit)
You miscast Sting.
You are very lightly contaminated with residual magic.
Nothing appears to happen.
Unknown command.
It was a potion of might.
You feel very mighty all of a sudden.
The ribbon worm expels a string of sticky webbing.
The stream of webbing hits you but does no damage.
You are caught in a web!
The web tears apart.
The ribbon worm bites you.
* * * LOW HITPOINT WARNING * * *
Unknown command.
You barely miss the ribbon worm.
The ribbon worm is heavily wounded.
The ribbon worm looks more healthy.
The ribbon worm closely misses you.
You barely miss the ribbon worm.
The ribbon worm is heavily wounded.
The ribbon worm barely misses you.
Unknown command.
You hit the ribbon worm.
The ribbon worm is severely wounded.
The quokka twitches its whiskers.
The ribbon worm bites you.
You die...

# #.####..# ##### ≈≈≈
#)......###...###~~#
#..................# #≈
.......>..........+ _.#≈
#....#..##@#......# ..#≈≈
#....#..##w#.....~#####≈≈
#...#..##r#...~≈~≈≈≈≈≈≈≈
#...#..##r#.###~≈≈≈≈≈≈≈≈
#...#..##.#....~~~≈≈≈≈≈≈
#.#.#............~≈≈≈≈#
#.#.#...#.#.......#####
#.#...r...........#
#.###.#).####.........#


You could see a ribbon worm, a quokka and a rat.

Vanquished Creatures
  Natasha (D:2)
  2 bats (D:1)
  3 endoplasms (D:1)
  3 giant cockroaches (D:1)
  2 goblins (D:1)
  2 hobgoblins (D:1)
  A quokka (D:1)
  4 ball pythons (D:1)
  A frilled lizard (D:2)
  5 kobolds
  2 rats (D:1)
26 creatures vanquished.

Notes
Turn   | Place    | Note
-------+----------+-------------------------------------------
     0 | D:1      | hikkokomori the Gargoyle Alchemist began the quest for the
                  | Orb.
     0 | D:1      | Reached XP level 1. HP: 10/10 MP: 3/3
   286 | D:1      | Reached XP level 2. HP: 15/15 MP: 0/5
   857 | D:1      | Reached XP level 3. HP: 19/19 MP: 1/6
  1388 | D:2      | Found a faded altar of an unknown god.
  1428 | D:2      | Noticed Natasha
  1458 | D:2      | Noticed Sigmund
  1476 | D:2      | Killed Natasha
  1489 | D:2      | Slain by a ribbon worm

Illustrated notes

Levels and vault maps discovered:
D:1:      lightli_arrival_maybe_door_vault, layout_loops_corners
D:2:      layout_basic, nicolae_ecumenical_lake_church, uniq_natasha,
          uniq_robin, uniq_sigmund

Skill      XL: |  1  2 |
---------------+-------+-----
Conjurations   | 2 |  2.3
Dodging        | |  1.5
Stealth        | |  2.1
Spellcasting   | |  2.7
Alchemy        | |  2.9

Action                     || total
---------------------------++-------
  Melee: Unarmed           ||     2
         Spear             ||     5
   Cast: Sting             ||    54
    Use: Scroll            ||     1
         Potion            ||     1
 Armour: Robe              ||    18
  Dodge: Dodged            ||    23
